 Dungeon Crawl Stone Soup version 0.22-a0-812-g4c1e2d5471 (webtiles) character file.

1740 HoldMyPotion the Martial Artist (level 8, -7/57 HPs)
             Began as a Demonspawn Wanderer on July 23, 2018.
             Was a Believer of Uskayaw.
             Killed from afar by an orc wizard (11 damage)
             ... with a puff of flame
             ... on level 8 of the Dungeon.
             The game lasted 00:10:33 (6963 turns).

HoldMyPotion the Martial Artist (DsWn)              Turns: 6963, Time: 00:10:34

Health: -7/57      AC: -1    Str: 16    XL:     8   Next: 77%
Magic:  12/12      EV:  9    Int: 11    God:    Uskayaw [**....]
Gold:   446        SH:  0    Dex: 16    Spells: 7/7 levels left

rFire    . . .     SeeInvis .     - Unarmed
rCold    . . .     Gourm    .   (no shield)
rNeg     . . .     Faith    .   o - +0 scale mail
rPois    +         Spirit   .   (helmet restricted)
rElec    .         Reflect  .   (no cloak)
rCorr    +         Harm     .   (no gloves)
MR       .....                  (no boots)
Stlth    ++........             (no amulet)
HPRegen  0.19/turn              t - ring of resist corrosion
MPRegen  0.13/turn              (no ring)

@: corroded
A: antennae 1, claws 1, talons 2, nightstalker 2, poison resistance, strong 1,
rot immunity
a: Stomp, Line Pass, Renounce Religion


You were on level 8 of the Dungeon.
You worshipped Uskayaw.
Uskayaw was noncommittal.
You were not hungry.

You visited 1 branch of the dungeon, and saw 8 of its levels.

You collected 446 gold pieces.

Inventory:

Hand Weapons
 e - a +0 dagger
Armour
 b - a +0 ring mail
 d - a +0 robe
 o - a +0 scale mail (worn)
Jewellery
 t - a ring of resist corrosion (left claw)
Scrolls
 a - a scroll of blinking {unknown}
 g - 2 scrolls of fog {unknown}
 h - 10 scrolls of identify {unknown}
 j - a scroll of enchant weapon {unknown}
 k - 5 scrolls of teleportation {unknown}
 p - 3 scrolls of random uselessness {unknown}
 q - a scroll of amnesia {unknown}
 r - 3 scrolls of remove curse {unknown}
 s - 3 scrolls of enchant armour {unknown}
Potions
 c - 2 potions of lignification
 i - a potion of mutation
 l - 2 potions of curing
 m - a potion of haste
 n - 2 potions of might {unknown}
Comestibles
 f - 10 rations


   Skills:
 - Level 2.7 Fighting
   Level 1.0 Crossbows
 - Level 1.7 Armour
 - Level 1.0 Stealth
 * Level 9.0 Unarmed Combat
   Level 2.6 Ice Magic
 + Level 6.5 Invocations
   Level 1.0 Evocations


You had 7 spell levels left.
You didn't know any spells.
Your spell library contained the following spells:

 Spells                   Type           Power        Failure   Level  Hunger
 Apportation              Tloc           #.....       78%         1    ##.....
 Throw Frost              Conj/Ice       #.....       75%         2    ###....
 Freeze                   Ice            #...         41%         1    ##.....
 Summon Ice Beast         Ice/Summ       #.......     100%        4    #####..
 Ozocubu's Armour         Chrm/Ice       #.......     92%         3    ####...
 Throw Icicle             Conj/Ice       #.......     100%        4    #####..
 Portal Projectile        Hex/Tloc       #.....       98%         3    ####...


Dungeon Overview and Level Annotations

Branches:
Dungeon (8/15)             Temple (0/1) D:6
   Lair: D:8-11

Altars:
Kikubaaqudgha
Uskayaw


Innate Abilities, Weirdness & Mutations

You have sharp fingernails.
You have razor-sharp toenails.
You are significantly more attuned to the shadows.
You are immune to rotting.
You have a pair of small antennae on your head.
Your system is resistant to poisons. (rPois)
Your muscles are strong. (Str +2)


Message History

You are too injured to fight recklessly!
You scratch the orc wizard but do no damage.
You claw the orc wizard, but do no damage.
The orc wizard is heavily wounded.
The orc wizard hits you with a dagger.
* * * LOW HITPOINT WARNING * * *
You scratch the orc wizard but do no damage.
Your kick misses the orc wizard.
The orc wizard is heavily wounded.
You scratch the orc wizard. Your kick misses the orc wizard.
The orc wizard is almost dead.
The orc wizard gestures at you while chanting.
The puff of frost hits you!
* * * LOW HITPOINT WARNING * * *
You closely miss the orc wizard.
You claw the orc wizard, but do no damage.
The orc wizard is almost dead.
The orc wizard points at you and mumbles some strange words.
The puff of flame hits you!
You die...

#.#. ###.#..#.###.# ....###
..........(... #...######
#......##...
#####......####...))<...##
#................<.......
##########.#####....#.###...#.#
#....#####.............####...#
####.....>###..###..#.... .###
######...#..@..(##..#.. ..
###....)o........# ###.....##.
#....... ........# .##..$.#..
## #...## ...#


You could see an orc wizard.

Vanquished Creatures
  An orc warrior (D:3)
  An ice beast (D:5)
  2 sky beasts (D:6)
  An ogre (D:7)
  2 centaurs
  A crocodile (D:7)
  Blork the orc (D:4)
  3 scorpions
  A howler monkey (D:7)
  A crimson imp (D:7)
  A hound (D:6)
  3 orc priests
  4 orc wizards
  A bullfrog skeleton (D:5)
  5 worker ants
  Jessica (D:3)
  4 iguanas
  A hound zombie (D:7)
  A hound skeleton (D:6)
  A howler monkey skeleton (D:4)
  4 gnolls (D:2)
  7 adders
  3 oozes
  An adder zombie (D:5)
  An adder skeleton (D:6)
  2 worms (D:3)
  4 dart slugs (D:2)
  5 leopard geckos
  17 orcs
  2 giant cockroaches
  2 goblins (D:1)
  6 hobgoblins
  15 jackals
  A quokka (D:3)
  2 bats
  3 frilled lizards
  A jackal zombie (D:6)
  4 kobolds
  7 rats
123 creatures vanquished.

Notes
Turn   | Place    | Note
-------+----------+-------------------------------------------
     0 | D:1      | HoldMyPotion the Demonspawn Wanderer began the quest for the Orb.
     0 | D:1      | HoldMyPotion set off with: a potion of lignification, a +0 robe, a +0 dagger, a ration
     0 | D:1      | Reached XP level 1. HP: 16/16 MP: 1/1
   303 | D:1      | Gained mutation: You have sharp fingernails. [demonic ancestry]
   303 | D:1      | Reached XP level 2. HP: 22/23 MP: 2/2
   730 | D:1      | Reached skill level 1 in Unarmed Combat
   871 | D:2      | Gained mutation: You have sharp toenails. [demonic ancestry]
   871 | D:2      | Reached XP level 3. HP: 15/28 MP: 3/3
  1051 | D:2      | Reached skill level 2 in Unarmed Combat
  1442 | D:2      | Reached XP level 4. HP: 24/34 MP: 4/4
  1449 | D:2      | Reached skill level 3 in Unarmed Combat
  2334 | D:3      | Gained mutation: You are immune to rotting. [demonic ancestry]
  2334 | D:3      | Reached XP level 5. HP: 17/39 MP: 5/5
  2531 | D:3      | Noticed Jessica
  2533 | D:3      | Killed Jessica
  2533 | D:3      | Reached skill level 4 in Unarmed Combat
  2655 | D:3      | Found an ancient bone altar of Kikubaaqudgha.
  2747 | D:3      | Noticed an orc warrior
  2762 | D:3      | Killed an orc warrior
  2762 | D:3      | Reached skill level 5 in Unarmed Combat
  2762 | D:3      | Gained mutation: You are slightly more attuned to the shadows. [demonic ancestry]
  2762 | D:3      | Reached XP level 6. HP: 34/46 MP: 6/6
  3327 | D:4      | Found a hide-covered altar of Uskayaw.
  3329 | D:4      | Noticed a hand axe
  3330 | D:4      | Noticed a dagger
  3354 | D:4      | Noticed Blork the orc
  3363 | D:4      | Killed Blork the orc
  3393 | D:4      | Became a worshipper of Uskayaw the Reveler
  3612 | D:5      | Entered Level 5 of the Dungeon
  3636 | D:5      | Reached * piety under Uskayaw
  3700 | D:5      | Noticed an ice beast
  3708 | D:5      | Reached ** piety under Uskayaw
  3712 | D:5      | Killed an ice beast
  3712 | D:5      | Reached skill level 6 in Unarmed Combat
  3712 | D:5      | Reached skill level 1 in Invocations
  3712 | D:5      | Reached *** piety under Uskayaw
  3913 | D:5      | Gained mutation: You are significantly more attuned to the shadows. [demonic ancestry]
  3913 | D:5      | Reached XP level 7. HP: 35/51 MP: 8/8
  4146 | D:5      | Gained mutation: Your system is resistant to poisons. (rPois) [potion of mutation]
  4146 | D:5      | Gained mutation: You have a pair of small antennae on your head. [potion of mutation]
  4146 | D:5      | Gained mutation: Your muscles are strong. (Str +2) [potion of mutation]
  5030 | D:6      | Reached skill level 7 in Unarmed Combat
  5181 | D:6      | You fall through a shaft!
  5283 | D:6      | Gained mutation: You have razor-sharp toenails. [demonic ancestry]
  5283 | D:6      | Reached XP level 8. HP: 32/57 MP: 11/11
  5432 | D:6      | Found a staircase to the Ecumenical Temple.
  5525 | D:6      | Reached **** piety under Uskayaw
  5529 | D:6      | Reached skill level 5 in Invocations
  6060 | D:7      | Reached skill level 8 in Unarmed Combat
  6953 | D:8      | Reached skill level 9 in Unarmed Combat
  6963 | D:8      | Killed from afar by an orc wizard

Vault maps used:
D:1:      saegor_arrival_simple_c
D:2:      first_ration, hex_tiny, minmay_small_reverse_x
D:3:      lemuel_crystal_altar, uniq_jessica
D:4:      dancing_weapons_uskayaw, okawaru_ov_weapons_minmay, uniq_blork_the_orc
D:5:      st_stairs_8
D:6:      minmay_temple_entry_hall
D:8:      ebering_ghost_inner_flame, grunt_pizzeria, minmay_another_anthill

Skill      XL: |  1  2  3  4  5  6  7  8 |
---------------+-------------------------+-----
Unarmed Combat | 1 2 3 5 6 7 9 |  9.0
Invocations    | 1 4 6 |  6.5
Fighting       | |  2.7
Crossbows      | |  1.0
Armour         | |  1.7
Stealth        | |  1.0
Ice Magic      | |  2.6
Evocations     | |  1.0

Action                   |  1- 3 |  4- 6 |  7- 9 || total
-------------------------+-------+-------+-------++-------
Melee: Dagger            |   125 |    22 |       ||   147
       Kick              |    11 |    52 |    49 ||   112
       Unarmed           |       |   160 |   191 ||   351
       Punch             |       |     1 |     7 ||     8
  Use: Potion            |     1 |     1 |     5 ||     7
 Stab: Sleeping          |     1 |     1 |    12 ||    14
       Paralysed         |       |       |     5 ||     5
       Distracted        |       |       |     1 ||     1
  Eat: Chunk             |       |    10 |     6 ||    16
       Ration            |       |       |     1 ||     1
Armor: Robe              |     8 |       |       ||     8
       Ring mail         |    28 |    31 |       ||    59
       Scale mail        |       |    47 |    62 ||   109
Dodge: Dodged            |    65 |    71 |    69 ||   205

Table legend:
 A = Spawn XP
 B = Non-spawn XP
 C = Spawn XP percentage of total XP
 D = Spawn monster count
 E = Non-spawn monster count
 F = Spawn count percentage of total count
 G = Total turns spent on level
                    A         B        C        D         E        F      G
               +---------+---------+-------+---------+---------+-------+---------
         Total |       0 |    2486 |   0.0 |       0 |     123 |   0.0 |  6963
               +---------+---------+-------+---------+---------+-------+---------
           D:1 |       0 |      24 |   0.0 |       0 |      14 |   0.0 |   827
           D:2 |       0 |     136 |   0.0 |       0 |      22 |   0.0 |  1379
           D:3 |       0 |     239 |   0.0 |       0 |      22 |   0.0 |   894
           D:4 |       0 |     115 |   0.0 |       0 |       4 |   0.0 |   512
           D:5 |       0 |     401 |   0.0 |       0 |      21 |   0.0 |  1377
           D:6 |       0 |     760 |   0.0 |       0 |      18 |   0.0 |   954
           D:7 |       0 |     720 |   0.0 |       0 |      17 |   0.0 |   943
           D:8 |       0 |      91 |   0.0 |       0 |       5 |   0.0 |    77
               +---------+---------+-------+---------+---------+-------+---------
